← All builds
Suicide front / Armada / Factory first / OBSERVED BUILD

Standard suicide front

Armada Suicide front build order · Supreme Isthmus

The role's baseline: Bot Lab at 0:21 then straight into reclaim-fed T1 bot production to contest the middle and hold until T2 arrives, with an Advanced Metal Extractor around 9:45.

#rush · 2007 distinct matches · 229 players · 72% of Armada Suicide front games · team won 59% of 2381 · Recently observed

HOW TO PLAY IT

Key timing: Bot Lab by 0:20

  1. Open with mex and lab-first to get Bot Lab up by 0:20.
  2. Expand mex and wind while lab pumps units toward middle.
  3. Push Sentry and early Rocketeer, Centurion to contest middle.
  4. Get T2 constructor out once Pond's boost lets you spare metal.
  5. Upgrade mex to Advanced Metal Extractor as you transition off T1 spam.

Phase by phase

TYPICAL OF ITS 2007 GAMES
  1. 1
  2. 2
  3. 3
PLAY THE OPENING

Follow the example game's first 6:00 step by step: what to build now, what comes next, and where it goes. At 1× it keeps pace with your own game.

  1. 1

    Bot Lab first

    Order
    1. Bot LabBot Lab done ~0:21, middle half 0:20–0:33

    Some games also: mex (44%)

  2. 2

    Bot Lab to 5:00

    Economy
    • Metal Extractor5Mex
    • Wind Turbine4Wind
    Builders
    • Construction Bot3 Con bot
    • Lazarus2 Lazarus
    Army
    • Sentry4 Sentry
    • Rocketeer16 Rocketeer
    • Tick2 Tick
    • Centurion1 Centurion
    Other
    • Radar Tower1 Radar Tower

    Some games also: pawn (38%) · con turret (34%)

    By 5:00 in all: 5 mex · 4 wind

    The example game in this phase · 18 steps
    1. LazarusLazarus ×2
    2. TickTick ×3
    3. Construction BotCon bot
    4. SentrySentry
    5. CenturionCenturion
    6. Mex
    7. CenturionCenturion
    8. RocketeerRocketeer
    9. SentrySentry
    10. RocketeerRocketeer ×2
    11. SentrySentry
    12. Construction BotCon bot
    13. CenturionCenturion
    14. Construction BotCon bot
    15. CenturionCenturion ×2
    16. SentrySentry
    17. CenturionCenturion ×3
    18. PawnPawn ×3
  3. 3

    5:00 to 10:00

    Economy
    • Metal Extractor1Mex
    • Wind Turbine15Wind
    Builders
    • Construction Turret2 Con turret
    • Lazarus2 Lazarus
    • Construction Bot1 Con bot
    Army
    • Sentry1 Sentry
    • Rocketeer8 Rocketeer

    Some games also: pawn (49%) · Radar Tower (46%) · tick (45%) · centurion (44%) · energy storage (43%) · eat Bot Lab (31%)

    By 10:00 in all: 6 mex · 21 wind · 1 energy storage · 2 con turret

    The example game in this phase · 201 steps
    1. PawnPawn ×6
    2. Con turret
    3. PawnPawn
    4. Wind
    5. PawnPawn
    6. Wind
    7. PawnPawn
    8. Wind
    9. PawnPawn
    10. Wind ×2
    11. PawnPawn
    12. Wind
    13. PawnPawn
    14. Wind
    15. PawnPawn
    16. Wind
    17. PawnPawn
    18. Wind
    19. PawnPawn
    20. Con turret
    21. Wind
    22. Mex
    23. PawnPawn
    24. Con turret
    25. Advanced Metal ExtractorT2 mexdone 8:08 · typical 9:46
    26. PawnPawn
    27. Wind
    28. PawnPawn
    29. Wind
    30. AnemoneAnemone
    31. PawnPawn
    32. Wind
    33. PawnPawn ×2
    34. Wind
    35. Advanced Metal ExtractorT2 mex
    36. PawnPawn ×2
    37. Con turret
    38. Advanced Metal ExtractorT2 mex
    39. PawnPawn
    40. Energy storage
    41. PawnPawn
    42. Wind
    43. Con turret
    44. PawnPawn
    45. Advanced Metal ExtractorT2 mex
    46. PawnPawn ×3
    47. Wind
    48. PawnPawn
    49. Wind
    50. PawnPawn
    51. Wind
    52. PawnPawn
    53. Wind
    54. PawnPawn ×2
    55. Wind
    56. PawnPawn
    57. Wind ×2
    58. PawnPawn
    59. Wind ×2
    60. PawnPawn
    61. Wind ×3
    62. PawnPawn
    63. SentrySentry
    64. PawnPawn
    65. Wind
    66. PawnPawn ×2
    67. SentrySentry
    68. Wind
    69. Construction BotCon bot
    70. Con turret
    71. Energy storage
    72. Wind
    73. Construction BotCon bot
    74. SentrySentry
    75. Construction BotCon bot
    76. PawnPawn ×2
    77. Wind
    78. PawnPawn
    79. SentrySentry
    80. PawnPawn ×3
    81. Wind
    82. Advanced Metal ExtractorT2 mex
    83. PawnPawn ×2
    84. Wind
    85. PawnPawn ×2
    86. Wind
    87. PawnPawn ×2
    88. Wind
    89. PawnPawn ×5
    90. Wind
    91. PawnPawn ×3
    92. Wind
    93. LazarusLazarus
    94. Wind
    95. LazarusLazarus
    96. Construction BotCon bot
    97. Wind
    98. LazarusLazarus
    99. Pit BullPit Bull
    100. Wind
    101. LazarusLazarus
    102. Wind
    103. LazarusLazarus
    104. PawnPawn
    105. Wind
    106. PawnPawn ×2
    107. Wind
    108. PawnPawn ×2
    109. Wind
    110. PawnPawn ×2
    111. Wind
    112. PawnPawn
    113. Wind
    114. PawnPawn
    115. Con turret
    116. Wind ×2
    117. PawnPawn ×2
    118. TickTick
    119. Advanced Bot LabAdvanced Bot Labdone 12:47
    120. TickTick
    121. Wind
    122. LazarusLazarus
    123. Wind ×2
    124. Con turret
    125. Wind
    126. RattlesnakeRattlesnakedone 13:40
    127. LazarusLazarus
    128. TickTick
    129. Wind
    130. TickTick ×4
    131. Wind
    132. Con turret
    133. TickTick ×4
    134. Wind
    135. TickTick ×4
    136. Wind
    137. TickTick
    138. PlatypusPlatypus
    139. TickTick ×2
    140. Wind
    141. PlatypusPlatypus
    142. TickTick ×3
    143. PlatypusPlatypus
    144. TickTick
    145. Wind
    146. TickTick
    147. PlatypusPlatypus
    148. TickTick ×2
    149. Wind
    150. TickTick
    151. PlatypusPlatypus
    152. TickTick ×2
    153. Wind
    154. TickTick
    155. PlatypusPlatypus
    156. TickTick
    157. Wind
    158. TickTick ×2
    159. PlatypusPlatypus
    160. TickTick
    161. Wind
    162. TickTick
    163. PlatypusPlatypus
    164. TickTick ×2
    165. Wind
    166. PlatypusPlatypus
    167. TickTick ×3
    168. Wind
    169. AnemoneAnemone
    170. PlatypusPlatypus
    171. TickTick ×2
    172. Wind
    173. PlatypusPlatypus
    174. TickTick ×2
    175. Wind
    176. TickTick
    177. PlatypusPlatypus
    178. TickTick ×2
    179. PlatypusPlatypus
    180. TickTick
    181. Wind
    182. TickTick
    183. PlatypusPlatypus
    184. TickTick
    185. Wind
    186. TickTick
    187. LazarusLazarus
    188. PlatypusPlatypus
    189. LazarusLazarus
    190. Wind
    191. PlatypusPlatypus
    192. TickTick
    193. Wind
    194. TickTick
    195. PlatypusPlatypus
    196. TickTick
    197. Wind
    198. TickTick ×2
    199. Wind
    200. PlatypusPlatypus
    201. TickTick

Counts are medians over the build's games: half of them build more, half fewer. The example game is speddyteddy's (31 OS, 08/09/2026); pick another.

Team trades

IN AT LEAST 30% OF ITS GAMES

You hand over

Nothing regular.

You get

  • Tidal Generator4 Tidal from Pondfirst at 0:10 · in 68% of games
  • Advanced Construction Bot1 T2 con bot from Geo or Techfirst at 7:41 · in 57% of games

How it plays out

Typical game of this build, running totals by minute

Metal produced

010k20k
0:005:0010:0015:00

metal

Enemy metal destroyed

05k10k
0:005:0010:0015:00

metal

Own metal lost

05k10k
0:005:0010:0015:00

metal

2381 games.

Show as table
ByMetal produced: This buildEnemy metal destroyed: This buildOwn metal lost: This build
1:0023000
2:0088700
3:002009184130
4:003110645502
5:00418513571001
6:00534921831713
7:00653930512597
8:00776039383502
9:00904546934382
10:001041853145176
11:001189258555965
12:001360364066686
13:001541268767439
14:001729875038212
15:001926981098997
WHAT THE NUMBERS SAY

Standard Suicide front play wins a bit over half its games while taking the heaviest own losses of any role by 15:00.

  • + Produces 20142 metal by 15:00, highest of the front roles.
  • + First kill by 2:01 in all games, fastest contest of middle.
  • − Own metal lost hits 9178 by 15:00, more than enemy metal destroyed.
  • − Only 34% Rocketeer share shows army spread thin across many bot types.
THE EXAMPLE YOU ARE READING

speddyteddy

30.7 OS · 08/09/2026

Open source match ↗

16 received units · includes a constructor
294 metal received · 44946 energy received

Allied construction assistance is unknown. Timings are observations, not a promise of solo reproducibility.

Typical milestones

Bot Lab0:21Middle 50%: 0:20–0:33 · n=2373
Advanced Metal Extractor9:46Middle 50%: 8:50–10:58 · n=1721

Played most by

_X_262games of this buildPlatinumBlonde188games of this buildXad166games of this buildTrapCaT107games of this buildImmort80games of this build